 Dungeon Crawl Stone Soup version 0.23-a0-446-g036aa52 (webtiles) character file.

60 Dfrag the Firebug (level 3, -6/24 HPs)
             Began as a Demonspawn Fire Elementalist on Nov 18, 2018.
             Mangled by a worm (9 damage)
             ... on level 3 of the Dungeon.
             The game lasted 00:02:57 (1160 turns).

Dfrag the Firebug (Demonspawn Fire Elementalist)    Turns: 1160, Time: 00:02:58

Health: -6/24      AC:  3    Str:  8    XL:     3   Next: 82%
Magic:  2/6        EV: 12    Int: 17    God:
Gold:   66         SH:  0    Dex: 13    Spells: 6/7 levels left

rFire    . . .     SeeInvis .   (no weapon)
rCold    . . .     Gourm    .   (no shield)
rNeg     . . .     Faith    .   a - +0 robe
rPois    .         Spirit   .   f - +0 helmet
rElec    .         Reflect  .   (no cloak)
rCorr    .         Harm     .   (no gloves)
MR       .....                  (no boots)
Stlth    ++........             (no amulet)
HPRegen  0.08/turn              (no ring)
MPRegen  0.10/turn              (no ring)

@: no status effects
A: talons 1, demonic guardian 1
a: no special abilities


You were on level 3 of the Dungeon.
You were not hungry.

You visited 1 branch of the dungeon, and saw 3 of its levels.

You collected 66 gold pieces.

Inventory:

Armour
 a - a +0 robe (worn)
 f - a +0 helmet (worn)
Scrolls
 d - a scroll of teleportation {unknown}
 e - a scroll of identify {unknown}
 g - a scroll of remove curse {unknown}
Potions
 b - a potion of magic {unknown}
Comestibles
 c - 4 rations
 h - 2 chunks of flesh


   Skills:
 + Level 0.1 Fighting
 - Level 1.7 Dodging
 - Level 1.7 Stealth
 + Level 0.4 Unarmed Combat
 + Level 2.6 Spellcasting
 + Level 1.4 Conjurations
 + Level 3.6 Fire Magic


You had 6 spell levels left.
You knew the following spells:

 Your Spells              Type           Power        Failure   Level  Hunger
a - Flame Tongue          Conj/Fire      ##...        6%          1    #......

Your spell library contained the following spells:

 Spells                   Type           Power        Failure   Level  Hunger
 Throw Flame              Conj/Fire      ##....       10%         2    ##.....
 Conjure Flame            Conj/Fire      ##......     19%         3    ###....
 Inner Flame              Hex/Fire       #.......     26%         3    ###....
 Sticky Flame             Conj/Fire      ##......     54%         4    #####..
 Fireball                 Conj/Fire      ##........   87%         5    ######.


Dungeon Overview and Level Annotations

Branches:
Dungeon (3/15)

Altars:

Annotations:
D:2 Sigmund


Innate Abilities, Weirdness & Mutations

You have sharp toenails.
A weak demonic guardian rushes to your aid.


Message History

The worm is moderately wounded.
Casting: Flame Tongue (safe; 6% risk of failure)
Confirm with . or Enter, or press ? or * to list all spells.
Aiming: Flame Tongue (safe; 6% risk of failure)
Press: ? - help, Shift-Dir - straight line, f/p - worm
Aim: a worm (moderately wounded)
The flame tongue hits the worm.
The worm is moderately wounded.
The worm bites you!
Casting: Flame Tongue (safe; 6% risk of failure)
Confirm with . or Enter, or press ? or * to list all spells.
Aiming: Flame Tongue (safe; 6% risk of failure)
Press: ? - help, Shift-Dir - straight line, f/p - worm
Aim: a worm (moderately wounded)
The flame tongue hits the worm.
The worm is almost dead.
The goblin hits you with a +0 club.
* * * LOW HITPOINT WARNING * * *
The worm bites you!
You die...

#......
#...#.## #
#.#.#...
#.#......# #
.......#.#
.....#.#
######g....#
......w@.#
##'####..#
#..# #..#
#..# #..#
#..# #..#
#.#######


You could see a worm and a goblin.

Vanquished Creatures
  A howler monkey skeleton (D:2)
  2 adders
  A worm (D:3)
  A leopard gecko (D:2)
  8 bats
  2 hobgoblins (D:1)
  7 kobolds
  3 frilled lizards
  4 goblins
  4 rats
33 creatures vanquished.

Notes
Turn   | Place    | Note
-------+----------+-------------------------------------------
     0 | D:1      | Dfrag the Demonspawn Fire Elementalist began the quest for
                  | the Orb.
     0 | D:1      | Reached XP level 1. HP: 13/13 MP: 3/3
   133 | D:1      | Reached skill level 3 in Fire Magic
   183 | D:1      | Gained mutation: A weak demonic guardian rushes to your
                  | aid. [demonic ancestry]
   183 | D:1      | Reached XP level 2. HP: 12/19 MP: 0/5
   780 | D:2      | Found a faded altar of an unknown god.
   821 | D:2      | Gained mutation: You have sharp toenails. [demonic
                  | ancestry]
   821 | D:2      | Reached XP level 3. HP: 8/24 MP: 1/6
  1009 | D:2      | Noticed Sigmund
  1160 | D:3      | Mangled by a worm

Vault maps used:
D:1:      dpeg_arrival_rooms_with_view
D:2:      okawaru_gym_becter, first_ration, chequers_ecumenical_altar_twisty,
          minmay_misc_feat_roman, fedhas_ov_isle_minmay,
          uniq_crazy_yiuf_cottage, uniq_terence, uniq_sigmund
D:3:      hangedman_ru_absence, gammafunk_ghost_icy, kennysheep_generic_room_9

Skill      XL: |  1 |
---------------+----+-----
Fire Magic     | 3 |  3.6
Fighting       | |  0.1
Dodging        | |  1.7
Stealth        | |  1.7
Unarmed Combat | |  0.4
Spellcasting   | |  2.6
Conjurations   | |  1.4

Action                   || total
-------------------------++-------
Melee: Unarmed           ||    48
       Kick              ||     2
 Cast: Flame Tongue      ||    69
  Eat: Chunk             ||     2
Armor: Robe              ||    19
Dodge: Dodged            ||    64

Table legend:
 A = Non-vault XP
 B = Vault XP
 C = Vault XP percentage of total XP
 D = Non-vault monster count
 E = Vault monster count
 F = Vault count percentage of total count
                 A         B        C        D         E       F
            +---------+---------+-------+---------+---------+-------
      Total |      84 |       3 |   3.4 |      31 |       2 |   6.1
            +---------+---------+-------+---------+---------+-------
        D:1 |      26 |       3 |  10.3 |      19 |       2 |   9.5
        D:2 |      40 |       0 |   0.0 |      10 |       0 |   0.0
        D:3 |      18 |       0 |   0.0 |       2 |       0 |   0.0
            +---------+---------+-------+---------+---------+-------
